Map: [ESL] Waterfall

Players

Clem - Winner!

  • Race: Terran Terran
  • Spawn Location: 1:00

Reynor

  • Race: Zerg Zerg
  • Spawn Location: 7:00

VOD

Have the link to the VOD?

Description

Time

  • Played on: Oct. 16, 2022, 3:05 p.m.
  • Length: 21:52
Show
View Real Time Build Order
Export as new Build Order

Clem Terran - Winner!

Build Orders: Reaper Expand, Hellion Banshee 

Get SALT Encoding   

  12  0:00  SCV  
  13  0:12  SCV  
  14  0:16  Supply Depot  
  14  0:24  SCV  
  15  0:38  SCV, Barracks  
  16  0:43  Refinery  
  16  0:50  SCV  
  17  1:02  SCV  
  18  1:14  SCV  
  19  1:26  Reaper, Orbital Command  
  20  1:40  Command Center  
  20  1:48  Supply Depot  
  20  1:52  SCV  
  21  1:58  Marine  
  22  2:04  SCV  
  23  2:12  Factory  
  23  2:16  SCV  
  23  2:20  Barracks Reactor  
  24  2:28  SCV  
  25  2:40  SCV  
  25  2:42  Command Center  
  26  2:52  Orbital Command  
  26  2:53  SCV  
  27  3:01  Starport  
  28  3:05  SCV  
  28  3:07  Refinery  
  28  3:11  Hellion  
  30  3:16  Hellion  
  30  3:18  SCV  
  33  3:20  SCV  
  33  3:22  Barracks Tech Lab  
  34  3:30  SCV  
  34  3:32  SCV  
  36  3:35  Hellion  
  36  3:38  Hellion  
  40  3:43  SCV  
  40  3:44  SCV  
  40  3:45  Banshee  
  45  3:55  SCV  
  46  3:56  SCV  
  46  3:57  Hellion  
  46  3:59  Hellion  
  46  4:00  Barracks Reactor  
  46  4:02  Cloaking Field  
  50  4:05  Orbital Command  
  50  4:07  SCV  
  50  4:08  SCV  
  52  4:12  Supply Depot  
  52  4:15  Barracks Tech Lab  
  52  4:19  SCV  
  52  4:20  SCV  
  52  4:24  Hellion x2  
  58  4:28  Banshee  
  61  4:34  SCV x3  
  61  4:36  Supply Depot  
  64  4:40  Barracks  
  64  4:45  Barracks  
  64  4:48  SCV  
  64  4:49  SCV  
  66  4:52  Factory Reactor  
  66  4:54  Stimpack  
  66  4:55  Orbital Command, Marine  
  67  5:00  SCV  
  67  5:01  SCV, Supply Depot  
  67  5:02  Refinery  
  67  5:04  Refinery  
  69  5:12  SCV, Engineering Bay x2  
  69  5:13  Marine  
  69  5:14  SCV  
  72  5:21  SCV  
  72  5:24  SCV, Supply Depot  
  72  5:27  SCV  
  75  5:32  Starport Reactor  
  75  5:33  SCV  
  76  5:36  SCV  
  76  5:38  Terran Infantry Armor Level 1, Terran Infantry Weapons Level 1  
  76  5:39  SCV, Marine x2  
  80  5:42  Marine  
  80  5:45  Factory Reactor  
  80  5:46  SCV  
  80  5:47  Supply Depot  
  80  5:48  SCV, Marine x2  
  85  5:51  SCV  
  85  5:56  Barracks  
  86  5:57  Marine  
  86  5:58  SCV  
  86  5:59  Barracks  
  86  6:00  SCV  
  86  6:01  Marine x2  
  86  6:03  SCV  
  92  6:08  Supply Depot x2  
  92  6:10  SCV, Marine x2  
  95  6:11  Supply Depot  
  95  6:12  SCV  
  95  6:14  Medivac  
  95  6:16  Medivac  
  95  6:17  SCV  
  101  6:29  SCV x3, Marine x3  
  101  6:30  Widow Mine x2  
  108  6:33  Marine  
  108  6:35  Supply Depot  
  107  6:41  Combat Shield  
  107  6:42  SCV x2, Marine  
  107  6:44  Factory  
  110  6:48  Supply Depot, Refinery, Marine  
  110  6:50  Supply Depot  
  110  6:51  Marine  
  110  6:53  Widow Mine x2  
  116  6:56  Medivac  
  116  6:57  Medivac  
  116  6:58  Marine  
  116  7:00  Barracks Reactor x2  
  121  7:03  Armory  
  121  7:07  Marine  
  122  7:09  Marine x3  
  125  7:16  Marine  
  125  7:19  Supply Depot  
  125  7:21  Sensor Tower  
  126  7:23  Widow Mine x2  
  126  7:24  Marine  
  126  7:27  Marine x3  
  134  7:31  Command Center  
  134  7:38  Supply Depot  
  134  7:39  Widow Mine  
  134  7:42  Marine  
  134  7:43  Marine  
  134  7:44  Marine  
  138  7:45  Widow Mine x2, Marine  
  138  7:47  Medivac  
  138  7:49  Marine x2  
  148  7:51  Supply Depot  
  148  7:56  Terran Infantry Weapons Level 2  
  148  7:57  Marine  
  149  7:59  Marine  
  149  8:00  Widow Mine  
  148  8:06  Widow Mine x2  
  148  8:08  Medivac  
  148  8:12  Refinery  
  154  8:14  Terran Infantry Armor Level 2  
  154  8:17  Medivac  
  152  8:20  SCV, Barracks  
  152  8:21  Barracks  
  152  8:22  Barracks  
  152  8:24  Widow Mine  
  152  8:26  SCV x2  
  153  8:30  Widow Mine  
  153  8:31  Widow Mine  
  142  8:35  Marine  
  142  8:37  SCV, Marine  
  142  8:38  Medivac, SCV x2  
  145  8:44  Marine  
  145  8:45  Widow Mine  
  145  8:46  Medivac  
  150  8:49  SCV  
  150  8:53  Widow Mine  
  150  8:55  Marine  
  145  8:56  Marine x5  
  145  9:00  Terran Vehicle And Ship Armor Level 1  
  145  9:01  Widow Mine  
  151  9:03  SCV  
  151  9:05  Marine x2  
  151  9:08  Medivac, SCV x2  
  157  9:12  Planetary Fortress  
  157  9:15  SCV  
  157  9:16  Widow Mine  
  160  9:18  Marine x3  
  160  9:19  Marine  
  160  9:20  SCV  
  160  9:22  SCV, Widow Mine  
  152  9:26  Widow Mine  
  152  9:30  Medivac  
  148  9:33  Marine x4  
  148  9:36  SCV  
  148  9:38  Medivac  
  153  9:40  Barracks Tech Lab x2  
  153  9:41  SCV, Marauder  
  153  9:42  SCV  
  153  9:43  Marine  
  153  9:44  Marine x2  
  158  9:46  Marine  
  158  9:48  SCV  
  158  9:49  SCV  
  161  9:54  Marine x2  
  161  9:56  Widow Mine x2  
  161  9:57  Barracks Tech Lab  
  161  9:58  Marine x2  
  161  9:59  Marine  
  169  10:05  Marine  
  169  10:07  Command Center  
  169  10:09  Marine x2  
  169  10:11  Widow Mine, Marine x2  
  173  10:15  Marauder  
  173  10:20  Widow Mine, Marine x2  
  174  10:22  Marine  
  174  10:26  Marauder, Marine x3  
  175  10:31  Marauder, Marine  
  175  10:32  Medivac  
  175  10:33  Widow Mine, Marine x2  
  170  10:37  Marauder  
  170  10:38  Marine x2  
  170  10:40  Terran Infantry Weapons Level 3  
  172  10:44  Terran Infantry Armor Level 3, Marauder  
  172  10:46  Widow Mine  
  172  10:48  Marauder  
  172  10:49  Widow Mine  
  173  10:50  Marine  
  173  10:52  Marine  
  173  10:54  Refinery, Marine  
  173  10:55  Marine x2  
  172  10:57  Widow Mine, Marine  
  172  10:59  Marine x3  
  172  11:02  Marine  
  174  11:05  Marine  
  174  11:07  Widow Mine, Drilling Claws  
  174  11:11  Widow Mine  
  177  11:13  Marauder  
  177  11:18  Command Center  
  179  11:20  Widow Mine, Marauder  
  179  11:21  Marauder, Marine x2  
  179  11:22  Marine x2  
  179  11:24  Marine  
  179  11:25  Marine x2  
  179  11:27  Medivac, Orbital Command  
  179  11:28  Widow Mine  
  179  11:30  Marine x2  
  179  11:32  Widow Mine  
  179  11:35  Marine  
  179  11:39  Marine x2  
  178  11:40  Marine  
  178  11:41  Widow Mine  
  178  11:42  Marauder  
  173  12:01  SCV, Marine x2  
  155  12:03  Marine x4  
  155  12:04  Medivac x2, Widow Mine, Marauder x2, Marine x2  
  171  12:11  Widow Mine  
  171  12:13  Widow Mine, Marauder, Marine  
  176  12:18  Marine  
  176  12:19  Marine  
  176  12:21  Marine x5  
  176  12:22  Marauder  
  170  12:23  SCV x2  
  170  12:24  SCV x3  
  170  12:25  Widow Mine  
  170  12:27  Marine  
  167  12:33  Widow Mine  
  167  12:34  Marine  
  167  12:35  SCV, Widow Mine  
  167  12:36  SCV x4  
  170  12:39  Marine  
  170  12:41  SCV  
  170  12:43  Marine  
  166  12:44  Marine  
  166  12:45  Medivac  
  166  12:47  Widow Mine  
  166  12:48  SCV x2  
  173  12:53  SCV  
  173  12:57  SCV  
  173  12:58  SCV, Marine x2  
  174  13:00  SCV  
  174  13:05  Widow Mine, Marine  
  173  13:08  SCV  
  173  13:10  Widow Mine  
  173  13:11  Marine  
  173  13:12  Marine x4  
  167  13:13  Marine x2  
  167  13:14  SCV  
  167  13:17  Widow Mine  
  174  13:20  Orbital Command  
  174  13:26  Widow Mine  
  176  13:30  SCV x2, Marine  
  176  13:31  Widow Mine  
  176  13:33  Marine x2  
  181  13:36  SCV  
  181  13:39  Widow Mine  
  182  13:41  Medivac  
  182  13:43  Sensor Tower  
  182  13:45  Marauder x2  
  182  13:48  Widow Mine, Marine  
  186  13:49  Marine x3  
  186  13:53  Widow Mine  
  190  13:59  Marine x2  
  190  14:00  Widow Mine  
  190  14:01  Medivac, Marine x3  
  190  14:02  Marine  
  190  14:05  Planetary Fortress  
  190  14:06  SCV x2, Marine  
  191  14:31  Orbital Command  
  191  14:35  Ghost Academy  
  191  14:36  Supply Depot  
  191  14:38  Missile Turret  
  191  14:39  Marine, Sensor Tower  
  191  14:40  Medivac, Marine x2  
  186  14:46  Marine  
  186  14:48  Marine x2  
  186  14:50  Medivac, Widow Mine x2, Marine x3  
  186  14:51  SCV  
  186  14:52  Marine  
  183  14:54  Widow Mine, Marine  
  183  14:57  Marine  
  186  15:02  Missile Turret  
  186  15:03  SCV x2  
  186  15:04  SCV, Marauder  
  191  15:10  Medivac  
  191  15:12  Marine  
  193  15:23  Marine  
  193  15:24  Marine  
  193  15:27  Medivac, Widow Mine x3, Ghost x3  
  193  15:28  Ghost  
  194  15:31  Marine x2  
  194  15:35  Marine x2  
  194  15:37  Marine x2  
  194  15:40  Medivac  
  194  15:41  Marine  
  194  15:42  Marine  
  194  15:52  Marine x2  
  194  15:55  Command Center  
  194  16:07  Ghost  
  194  16:08  Liberator, Ghost x3, Marine x3  
  194  16:09  Widow Mine x3  
  175  16:23  Liberator  
  160  16:26  Marine  
  160  16:30  SCV, Widow Mine x3  
  160  16:32  SCV  
  155  16:35  Marine  
  155  16:36  Ghost x2, Marine  
  155  16:37  SCV x2  
  161  16:40  Ghost x2, Marine x4  
  161  16:41  Orbital Command, Marine  
  161  16:42  SCV  
  161  16:44  SCV, Marine  
  169  16:49  SCV x2  
  169  16:51  Liberator  
  169  16:52  Widow Mine x2  
  169  16:53  Marine  
  179  16:55  Refinery  
  179  16:56  SCV x2  
  179  17:02  Command Center  
  179  17:06  Ghost, Liberator  
  179  17:07  SCV x2  
  184  17:08  SCV x2  
  184  17:11  Marauder  
  188  17:17  Widow Mine  
  188  17:19  SCV  
  185  17:23  Ghost  
  185  17:27  Marine x2  
  171  17:34  Liberator  
  172  17:43  Ghost  
  161  17:45  Orbital Command  
  156  17:52  Marine x2  
  156  17:54  Widow Mine, Marine  
  156  17:57  SCV  
  158  18:01  Command Center  
  158  18:03  SCV  
  158  18:04  Marine x2  
  158  18:05  Orbital Command  
  160  18:07  Refinery  
  160  18:11  Widow Mine, Marine x3  
  160  18:12  Command Center, Marine  
  166  18:13  Missile Turret  
  166  18:19  Liberator  
  166  18:21  Marine  
  167  18:27  Marine  
  166  18:34  Marine  
  166  18:40  Ghost  
  166  18:41  Marine  
  168  18:43  Widow Mine, Marine  
  168  18:44  Marine x3  
  168  18:45  Marine  
  168  18:47  Marine  
  168  18:48  SCV  
  170  18:51  SCV x3  
  170  18:52  SCV  
  170  18:53  SCV  
  160  18:58  Liberator  
  160  18:59  Marine  
  160  19:00  SCV  
  162  19:03  SCV x2  
  162  19:08  Widow Mine x2  
  167  19:11  Ghost  
  169  19:18  Ghost  
  171  19:31  Widow Mine  
  171  19:38  Ghost, Marine  
  172  19:48  Marauder x3  
  172  19:50  Refinery, Orbital Command  
  172  19:51  Refinery  
  176  19:53  Refinery  
  176  19:55  Widow Mine  
  176  19:58  Marine  
  173  20:02  Marine x2  
  175  20:07  Marine  
  173  20:21  Marauder x2  
  173  20:22  Planetary Fortress  
  173  20:23  Marauder  
  173  20:25  Refinery  
  173  20:28  Widow Mine, Marine x2  
  178  20:32  Ghost  
  178  20:33  Marine  
  178  20:34  Marine  
  178  20:39  Marine  
  178  20:40  Orbital Command  
  178  20:41  Marine  
  176  20:47  Ghost  
  178  20:53  Command Center, Widow Mine, Missile Turret  
  178  20:56  Ghost  
  180  20:57  Marine  
  180  21:03  Ghost  
  185  21:08  Widow Mine  
  182  21:16  Ghost  
  182  21:17  Marine  
  182  21:18  Widow Mine  
  184  21:19  Marine  
  184  21:21  Widow Mine  
  184  21:22  Marine  
  184  21:25  Orbital Command  
  176  21:29  Marine x4  
  176  21:30  Widow Mine  
Show
View Real Time Build Order
Export as new Build Order

Reynor Zerg 

Build Orders: Hatch First 

Get SALT Encoding   

  12  0:00  Drone  
  13  0:11  Overlord  
  13  0:16  Drone  
  14  0:30  Drone x2  
  16  0:47  Hatchery  
  15  0:51  Drone  
  15  0:54  Drone  
  17  0:58  Drone  
  18  1:07  Extractor  
  17  1:13  Spawning Pool  
  17  1:16  Drone  
  17  1:20  Drone  
  18  1:27  Drone  
  19  1:38  Drone  
  20  1:48  Overlord  
  20  1:59  Queen  
  20  2:00  Queen, Zergling x4  
  26  2:10  Drone x2  
  28  2:20  Drone  
  28  2:21  Drone  
  30  2:31  Drone  
  30  2:33  Hatchery  
  30  2:37  Metabolic Boost  
  30  2:40  Drone  
  30  2:43  Drone  
  32  2:46  Overlord  
  32  2:53  Drone x2  
  32  2:57  Queen  
  36  3:04  Drone x2  
  38  3:09  Overlord  
  38  3:10  Drone x2  
  40  3:14  Queen  
  40  3:17  Drone  
  40  3:19  Drone  
  44  3:27  Overlord  
  44  3:28  Drone  
  44  3:32  Queen  
  47  3:35  Drone  
  47  3:38  Drone  
  49  3:45  Queen  
  49  3:46  Drone  
  53  3:48  Drone x2  
  53  3:50  Queen  
  56  3:58  Zergling x4  
  56  4:01  Drone  
  58  4:05  Drone x3  
  58  4:07  Overlord  
  58  4:08  Drone  
  58  4:09  Lair  
  62  4:12  Drone  
  63  4:18  Overlord  
  63  4:19  Drone  
  63  4:22  Queen  
  66  4:25  Drone  
  66  4:27  Queen  
  66  4:28  Overlord  
  66  4:29  Drone  
  70  4:33  Drone  
  70  4:37  Extractor, Baneling Nest  
  69  4:39  Drone x2  
  69  4:40  Drone x3  
  69  4:42  Spore Crawler  
  72  4:46  Spore Crawler, Drone x2  
  72  4:47  Drone  
  72  4:51  Zergling x4  
  76  4:54  Zergling x2  
  76  4:56  Zergling x2  
  76  4:58  Zergling x6  
  81  5:01  Spore Crawler  
  81  5:03  Drone  
  81  5:05  Overlord  
  81  5:06  Drone  
  82  5:08  Overseer  
  82  5:11  Overseer  
  82  5:12  Drone  
  82  5:13  Drone x2  
  85  5:14  Drone  
  85  5:17  Drone  
  85  5:18  Zergling x2  
  88  5:24  Drone  
  88  5:26  Queen  
  88  5:27  Hatchery, Overlord  
  90  5:29  Drone  
  90  5:31  Drone x2  
  90  5:33  Overlord  
  93  5:35  Drone  
  93  5:36  Drone  
  93  5:37  Drone  
  93  5:40  Zergling x2  
  93  5:42  Overlord  
  97  5:46  Centrifugal Hooks, Extractor  
  97  5:47  Evolution Chamber, Extractor, Drone x2  
  97  5:48  Evolution Chamber, Drone  
  97  5:49  Drone  
  97  5:50  Extractor  
  97  5:52  Zergling x4  
  97  5:55  Evolution Chamber  
  97  5:59  Drone  
  97  6:01  Drone x2  
  97  6:02  Drone  
  97  6:03  Spore Crawler, Drone  
  102  6:04  Drone  
  102  6:08  Drone  
  104  6:13  Overlord  
  104  6:14  Drone  
  104  6:17  Zerg Melee Weapons Level 1, Zerg Ground Armor Level 1  
  105  6:19  Drone x3  
  105  6:20  Extractor  
  105  6:23  Overlord  
  105  6:25  Drone x2  
  105  6:28  Overlord  
  105  6:29  Drone  
  105  6:30  Drone  
  105  6:32  Drone x3  
  108  6:40  Zergling x6  
  108  6:44  Drone x2  
  108  6:46  Zergling x2  
  108  6:47  Queen  
  112  6:49  Zergling x8  
  112  6:52  Baneling x3, Zergling x2  
  112  6:53  Baneling  
  119  6:57  Drone x2  
  119  6:58  Spore Crawler, Overlord  
  119  6:59  Drone x2  
  119  7:00  Spore Crawler, Zergling x2  
  122  7:02  Overseer, Pneumatized Carapace  
  122  7:07  Zergling x2  
  123  7:09  Drone  
  123  7:11  Drone x2  
  126  7:15  Zergling x2  
  126  7:16  Zergling x4  
  126  7:20  Zergling x4  
  126  7:22  Zergling x4  
  133  7:23  Baneling x7  
  133  7:25  Hatchery  
  133  7:29  Zergling x6  
  136  7:30  Hydralisk Den, Zergling x4  
  136  7:32  Overlord  
  136  7:34  Drone  
  133  7:40  Drone  
  133  7:41  Drone  
  132  7:44  Zergling x2  
  132  7:47  Zergling x2  
  132  7:50  Baneling x6  
  132  7:52  Drone x7  
  132  7:53  Zergling x2  
  132  7:54  Baneling x7  
  132  7:55  Zergling x2  
  132  7:56  Baneling x7  
  141  8:01  Zergling x2  
  141  8:02  Zergling x8  
  139  8:06  Zergling x2  
  139  8:09  Muscular Augments  
  139  8:11  Hydralisk x2  
  144  8:13  Baneling x8, Hydralisk  
  144  8:16  Hydralisk x2  
  149  8:22  Baneling x5  
  149  8:23  Hydralisk x3  
  153  8:27  Overlord  
  153  8:28  Zergling x8  
  142  8:34  Hydralisk  
  142  8:35  Zergling x6  
  142  8:40  Hydralisk, Zergling x4  
  150  8:43  Zerg Ground Armor Level 2  
  150  8:44  Queen  
  150  8:45  Zergling x2  
  150  8:46  Zergling x8  
  157  8:50  Hydralisk  
  157  8:51  Zergling x6  
  157  8:55  Zergling x2  
  158  8:58  Baneling x6  
  158  8:59  Overlord  
  158  9:00  Queen, Overlord x2  
  158  9:01  Extractor  
  158  9:02  Zergling x2  
  160  9:06  Hydralisk, Zergling x2  
  160  9:09  Zergling x2  
  161  9:12  Baneling x8, Zergling x4  
  161  9:14  Zergling x4  
  161  9:15  Overlord  
  165  9:20  Zergling x14  
  165  9:21  Zergling x2  
  170  9:28  Hydralisk, Zergling x2  
  164  9:32  Drone x3  
  164  9:36  Queen  
  164  9:38  Hydralisk, Zergling x2  
  166  9:42  Drone x3  
  166  9:43  Hydralisk, Drone  
  172  9:46  Baneling x17  
  172  9:50  Zergling x4  
  172  9:51  Zergling x2  
  172  9:54  Drone x2  
  172  9:59  Overlord  
  174  10:01  Drone  
  174  10:02  Spore Crawler, Drone  
  174  10:03  Drone x3  
  174  10:04  Infestation Pit  
  174  10:06  Hydralisk  
  180  10:07  Zergling x6  
  180  10:10  Hatchery, Zergling x8  
  184  10:16  Extractor  
  184  10:17  Drone x3  
  184  10:18  Spore Crawler  
  184  10:19  Zergling x4  
  187  10:25  Zergling x12  
  187  10:28  Hydralisk x2  
  188  10:30  Drone x3  
  188  10:31  Drone  
  190  10:38  Drone, Hydralisk  
  190  10:39  Zergling x2  
  190  10:40  Hydralisk  
  194  10:43  Zergling x2  
  194  10:45  Zergling x4  
  194  10:49  Zergling x12  
  198  10:52  Overlord  
  196  10:59  Zergling x12  
  196  11:00  Zergling x8  
  196  11:03  Hive  
  196  11:04  Zergling x4  
  194  11:07  Drone  
  195  11:12  Zergling x6  
  195  11:14  Hatchery  
  195  11:15  Queen, Baneling x7  
  197  11:19  Zergling x6  
  197  11:21  Zergling x2  
  197  11:22  Zergling x4  
  197  11:24  Zergling x8  
  198  11:27  Hydralisk  
  198  11:30  Zergling x4  
  198  11:31  Zergling x2  
  196  11:36  Zergling x6  
  197  11:46  Hydralisk, Zergling x2  
  197  11:47  Zergling x10  
  200  11:49  Queen  
  200  11:54  Zergling x12  
  187  11:57  Zergling x2  
  187  11:58  Zergling x4  
  187  12:00  Baneling x11  
  189  12:06  Baneling x10  
  189  12:07  Zergling x12  
  195  12:10  Zergling x2  
  195  12:11  Zergling x8  
  195  12:12  Baneling x14  
  195  12:14  Hatchery, Zerg Missile Weapons Level 1  
  199  12:22  Zergling x10  
  200  12:25  Zergling x4  
  198  12:32  Zergling x6  
  198  12:36  Queen  
  187  12:38  Hydralisk  
  187  12:39  Zergling x24  
  187  12:41  Hydralisk, Zergling x2  
  196  12:45  Zergling x6  
  196  12:46  Hydralisk  
  199  12:52  Zerg Ground Armor Level 3  
  199  12:53  Baneling x2  
  199  12:54  Baneling x10  
  198  12:59  Hatchery  
  198  13:04  Zergling x14  
  191  13:15  Zergling x20  
  191  13:16  Zergling x6  
  199  13:26  Zergling x2  
  198  13:41  Zergling x20  
  198  13:43  Baneling x8  
  198  13:47  Hatchery  
  195  13:49  Hatchery  
  195  13:52  Zergling x28  
  192  14:01  Viper x3  
  199  14:04  Zergling x4  
  198  14:14  Zergling x12  
  198  14:23  Zergling x26  
  198  14:29  Baneling x2  
  198  14:30  Baneling x25  
  198  14:31  Overlord x2  
  198  14:32  Adrenal Glands  
  184  14:46  Zergling x22  
  184  14:48  Hatchery  
  178  14:53  Hydralisk  
  178  14:54  Zergling x14  
  178  14:57  Zergling x6  
  178  14:58  Zergling x8  
  192  15:00  Zergling x4  
  187  15:07  Queen, Zergling x12  
  187  15:13  Zergling x8  
  187  15:14  Zergling x2  
  187  15:18  Hydralisk  
  187  15:19  Zergling x10  
  174  15:30  Hydralisk  
  174  15:31  Hydralisk x2, Zergling x16  
  174  15:32  Zergling x4  
  174  15:33  Overseer x2  
  187  15:36  Lurker Den  
  182  15:44  Hatchery  
  182  15:47  Hydralisk, Zergling x8  
  182  15:48  Zergling x10  
  189  15:51  Baneling x11  
  189  15:56  Overseer x2  
  185  16:09  Zergling x26  
  176  16:24  Zergling x2  
  176  16:25  Zergling x26  
  177  16:29  Zergling x8  
  177  16:30  Zergling x2  
  167  16:44  Seismic Spines  
  166  16:50  Lurker x5  
  166  16:56  Lurker x9  
  175  17:02  Zergling x6  
  175  17:03  Zergling x2  
  175  17:05  Drone x2  
  173  17:21  Zergling x2  
  173  17:22  Zergling x22  
  169  17:31  Hydralisk x2  
  169  17:32  Zergling x10  
  171  17:39  Hydralisk  
  171  17:40  Zergling x6  
  166  17:50  Hydralisk  
  166  17:51  Hydralisk x3  
  159  17:55  Overseer  
  150  17:59  Lurker x2  
  150  18:00  Zergling x4  
  150  18:01  Zergling x4  
  154  18:09  Hydralisk  
  154  18:10  Lurker  
  157  18:14  Drone  
  157  18:16  Overseer  
  157  18:18  Lurker x4  
  157  18:19  Hydralisk x2  
  165  18:33  Hydralisk  
  162  18:34  Zergling x18  
  162  18:39  Hydralisk x2  
  168  18:47  Hydralisk x2  
  168  18:48  Zergling x6  
  142  18:58  Hydralisk x4  
  147  19:09  Overseer  
  144  19:12  Zergling x20  
  146  19:30  Overseer, Viper x2  
  148  19:34  Zergling x26  
  148  19:43  Hydralisk x3  
  148  19:44  Zergling x2  
  145  19:59  Hydralisk  
  141  20:00  Zergling x18  
  141  20:05  Lurker x3  
  143  20:14  Hydralisk, Zergling x4  
  133  20:15  Zergling x6  
  123  20:26  Lurker x3  
  123  20:27  Hydralisk x3  
  109  20:40  Hydralisk x2  
  110  20:49  Hatchery  
  105  20:52  Lurker x5  
  105  20:54  Overseer  
  105  20:59  Hydralisk x2  
  105  21:00  Hydralisk x2  
  106  21:09  Hydralisk  
  106  21:10  Hydralisk, Zergling x2  
  95  21:17  Hydralisk  
  97  21:18  Zergling x2  
  88  21:25  Hydralisk  
  88  21:26  Hydralisk x2  
  85  21:34  Lurker x2  
Tags
 
Add a new tag
Caveats
  • Supply blocks, unpowered buildings, or Contaminate may cause inaccurate times.
  • Supply counts are checked every 10 seconds.